 Dungeon Crawl Stone Soup version 0.30-a0-738-g116ff8c4af (webtiles) character file.

Game seed: 18062931656236139556

150 Leeroy the Slasher (level 5, 0/26 HPs)
             Began as a Vine Stalker Warper on Feb 3, 2023.
             Slain by a crimson imp (2 damage)
             ... summoned by Natasha
             ... on level 2 of the Dungeon.
             The game lasted 00:03:16 (1804 turns).

Leeroy the Slasher (Vine Stalker Warper)            Turns: 1804, Time: 00:03:17

Health: 0/26       AC:  4    Str: 14    XL:     5   Next: 32%
Magic:  0/18       EV: 11    Int: 13    God:
Gold:   50         SH:  0    Dex: 15    Spells: 3/8 levels left

rFire   . . .      SeeInvis .    t - +3 dagger
rCold   . . .      Faith    +    (no shield)
rNeg    . . .      Spirit   +    b - +0 leather armour
rPois   .          Reflect  .    s - +0 helmet
rElec   .          Harm     .    (no cloak)
rCorr   .          Rampage  .    (no gloves)
Will    .....                    (no boots)
Stlth   +                        k - amulet of faith
HPRegen 1.04/turn                j - ring of magical power
MPRegen 0.16/turn                (no ring)

@: no status effects
A: fangs 2, regeneration 1, magic shield, antimagic bite, no potion heal 2
a: no special abilities


You were on level 2 of the Dungeon.
You visited 1 branch of the dungeon, and saw 2 of its levels.

You collected 50 gold pieces.

Inventory:

Hand Weapons
 a - a +0 falchion
 r - a +2 mace of venom
 t - a +3 dagger (weapon)
Missiles
 d - 6 boomerangs of dispersal (quivered)
 h - 6 javelins
 m - 7 poisoned darts
Armour
 b - a +0 leather armour (worn)
 s - a +0 helmet (worn)
Jewellery
 j - a ring of magical power (left hand)
 k - an amulet of faith (around neck)
Scrolls
 c - a scroll of blinking
 e - a scroll of vulnerability {unknown}
 l - a scroll of identify {unknown}
 n - 2 scrolls of teleportation {unknown}
 p - a scroll of enchant armour {unknown}
 q - a scroll of immolation {unknown}
Potions
 f - a potion of experience {unknown}
 g - a potion of degeneration {unknown}
 i - a potion of might {unknown}
 o - a potion of invisibility {unknown}
 u - a potion of curing {unknown}


   Skills:
 - Level 1.7 Fighting
 + Level 4.9 Long Blades
 - Level 0.8 Throwing
 - Level 0.7 Armour
 - Level 1.5 Dodging
 - Level 2.1 Spellcasting
 - Level 3.0 Translocations


You had 3 spell levels left.
You knew the following spells:

 Your Spells              Type           Power      Damage    Failure   Level
a - Blink                 Tloc           18%        N/A       14%         2
b - Vhi's Electric Charg  Tloc/Air       10%        N/A       45%         3

Your spell library contained the following spells:

 Spells                   Type           Power      Damage    Failure   Level
 Lesser Beckoning         Tloc           18%        N/A       14%         2
 Teleport Other           Tloc           9%         N/A       28%         3
 Manifold Assault         Tloc           9%         N/A       67%         4
 Anguish                  Hex/Necr       0%         N/A       97%         4
 Enfeeble                 Hex            0%         N/A       100%        7


Dungeon Overview and Level Annotations

Branches:
Dungeon (2/15)

Altars:

Annotations:
D:2 Natasha


Innate Abilities, Weirdness & Mutations

You have extremely sharp teeth.
Your natural rate of healing is unusually fast.
When hurt, damage is shared between your health and your magic reserves.
Your bite disrupts and absorbs the magic of your enemies.
Potions cannot restore your health.


Message History

Natasha claws you. The adder closely misses you.
You miss Natasha. Your bite misses Natasha.
Natasha is heavily wounded.
The crimson imp's magic is no longer disrupted.
The kobold hits you with a +0 short sword.
The adder barely misses you. Natasha misses you. The kobold closely misses you.
You hit Natasha but do no damage. Your bite misses Natasha.
Natasha is heavily wounded.
You feel yourself speed up. The adder bites you but does no damage.
Natasha barely misses you.
The crimson imp blinks! x2; The adder barely misses you.
The kobold closely misses you.
Natasha casts a spell.
You closely miss Natasha. Your bite misses Natasha.
Natasha is heavily wounded.
The crimson imp hits you. The adder bites you.
The kobold hits you but does no damage.
You hit Natasha.
Natasha is severely wounded.
The adder bites you. Natasha closely misses you. The crimson imp hits you.
The kobold hits you but does no damage.
You hit Natasha but do no damage.
Natasha is severely wounded.
The adder bites you. Natasha claws you! The crimson imp hits you.
* * * LOW HITPOINT WARNING * * *
The kobold hits you with a +0 short sword.
* * * LOW HITPOINT WARNING * * *
You miss Natasha. Your bite misses Natasha.
Natasha is severely wounded.
The adder bites you but does no damage. Natasha barely misses you.
The crimson imp hits you but does no damage.
The crimson imp blinks!
You barely miss Natasha. Your bite misses Natasha.
Natasha is severely wounded.
The adder bites you but does no damage. The kobold barely misses you.
Natasha casts a spell at you. The magic dart hits you.
* * * LOW HITPOINT WARNING * * *
The crimson imp hits you.
You die...

..# #.#.# #.. #.#.# ..#
#.#.# ... #!#.# #.#
#.#.# # #.# #.#.# .#
#.############.#K#..#
...............5@h5.#
#.###.####.......S).!...
#.# #.####.#############
#.###...##.#
...........#
#####<..#### #####


You could see Natasha, a crimson imp (summoned), an adder, a white imp
(summoned) and a kobold.

Vanquished Creatures
  Jessica (D:2)
  Natasha (D:2)
  Terence (D:1)
  Robin (D:1)
  An adder (D:1)
  A worm (D:2)
  A dart slug (D:1)
  An orc (D:2)
  2 ball pythons (D:1)
  2 endoplasms (D:1)
  3 giant cockroaches (D:1)
  13 goblins
  10 hobgoblins
  4 bats
  3 frilled lizards
  3 kobolds
  A rat (D:1)
49 creatures vanquished.

Notes
Turn   | Place    | Note
-------+----------+-------------------------------------------
     0 | D:1      | Leeroy the Vine Stalker Warper began the quest for the Orb.
     0 | D:1      | Reached XP level 1. HP: 11/11 MP: 4/4
    79 | D:1      | Reached skill level 2 in Long Blades
   175 | D:1      | Reached XP level 2. HP: 12/15 MP: 3/6
   538 | D:1      | Reached skill level 3 in Long Blades
   601 | D:1      | Reached XP level 3. HP: 17/18 MP: 7/7
  1096 | D:2      | Noticed Robin
  1097 | D:2      | Noticed Natasha
  1176 | D:1      | Killed Robin
  1177 | D:1      | Gained mutation: Your natural rate of healing is unusually
                  | fast. [Vine Stalker growth]
  1177 | D:1      | Reached XP level 4. HP: 8/23 MP: 8/8
  1215 | D:2      | Reached skill level 4 in Long Blades
  1278 | D:2      | Noticed Terence
  1491 | D:1      | Learned a level 2 spell: Blink
  1495 | D:1      | Learned a level 3 spell: Vhi's Electric Charge
  1507 | D:1      | Killed Terence
  1521 | D:2      | Killed Natasha
  1522 | D:2      | Reached XP level 5. HP: 18/26 MP: 9/9
  1667 | D:2      | Noticed Jessica
  1676 | D:2      | Killed Jessica
  1787 | D:2      | Noticed Natasha
  1804 | D:2      | Slain by a crimson imp

Illustrated notes

Levels and vault maps discovered:
D:1:      evilmike_arrival_home_sweet_home, layout_loops_ring
D:2:      layout_loops_ring, chequers_ecumenical_altar_simple,
          minmay_heptomino_o4, uniq_robin, uniq_natasha, uniq_terence,
          uniq_jessica

Skill      XL: |  1  2  3  4 |
---------------+-------------+-----
Long Blades    | 2 3 4 |  4.9
Fighting       | |  1.7
Throwing       | |  0.8
Armour         | |  0.7
Dodging        | |  1.5
Spellcasting   | |  2.1
Translocations | |  3.0

Action                     |  1- 3 |  4- 6 || total
---------------------------+-------+-------++-------
  Melee: Falchion          |   118 |     9 ||   127
         Bite              |    21 |    16 ||    37
         Dagger            |       |    61 ||    61
         Mace              |       |     3 ||     3
  Throw: Boomerang         |       |     1 ||     1
   Stab: Sleeping          |     1 |       ||     1
 Armour: Leather armour    |    38 |    23 ||    61
  Dodge: Dodged            |    75 |    55 ||   130

Table legend: (Time is in decaauts)
 A = Elapsed time spent in this place.
 B = Non-inter-level travel time spent in this place.
 C = Inter-level travel time spent in this place.
 D = Time resting spent in this place.
 E = Time spent auto-exploring this place.
 F = Levels seen in this place.
 G = Mean time per level.
                   A        B        C        D        E       F      G
               +--------+--------+--------+--------+--------+-----+--------+
         Total |   1824 |   1796 |     28 |    342 |    996 |   2 |  912.0 |
       Dungeon |   1824 |   1796 |     28 |    342 |    996 |   2 |  912.0 |
               +--------+--------+--------+--------+--------+-----+--------+

Top non-repeatable levels by time:
     D:1: 1324 daAuts
     D:2: 499 daAuts
